 Dungeon Crawl Stone Soup version 0.13-a0-2923-g04ac8d1 (webtiles) character file.

690 JacquesDerrida the Archer (level 7, -2/44 HPs)
             Began as an Octopode Hunter on Sept 2, 2013.
             Slain by an adder (3 damage)
             ... on Level 5 of the Dungeon.
             The game lasted 00:08:10 (3690 turns).

JacquesDerrida the Archer (Octopode Hunter)         Turns: 3690, Time: 00:08:10

HP  -2/44        AC  1     Str 13      XL: 7   Next: 10%
MP   6/6         EV 12     Int 14      God:
Gold 214         SH  0     Dex 12      Spells:  0 memorised,  6 levels left

Res.Fire  : . . .   See Invis. : .   b - +1 bow
Res.Cold  : . . .   Warding    : .   (no shield)
Life Prot.: . . .   Conserve   : .   (helmet restricted)
Res.Poison: .       Res.Corr.  : .   (no amulet)
Res.Elec. : .       Clarity    : .   (no ring)
Sust.Abil.: . .     Spirit.Shd : .   (no ring)
Res.Mut.  : .       Stasis     : .   (no ring)
Res.Rott. : .       Flight     : .   (no ring)
Saprovore : . . .                    (no ring)
                                     (no ring)
                                     (no ring)
                                     (no ring)

@: mildly poisoned, slightly resistant to hostile enchantments, stealthy
A: almost no armour, amphibious, 8 rings, constrict 8, camouflage 1, AC +1
a: no special abilities


You were on level 5 of the Dungeon.
You were hungry.

You visited 1 branch of the dungeon, and saw 5 of its levels.

You collected 194 gold pieces.

Inventory:

Hand weapons
 a - a cursed +0,+0 short sword
 b - a +1,+1 bow (weapon)
 r - a +2,+0 spear of dragon slaying
 B - a -1,-1 trident
Missiles
 c - 31 arrows (quivered)
Comestibles
 f - 3 bread rations
 k - 2 chokos
 o - a meat ration
 x - a lychee
Scrolls
 g - 2 scrolls of teleportation
 j - a scroll of identify
Potions
 d - a potion of might {unknown}
 l - 2 potions of heal wounds
 m - 4 potions of curing
 p - a potion of resistance {unknown}
 q - a potion of agility {unknown}
 s - 2 potions of poison {unknown}
 t - a potion of confusion {unknown}
 v - a potion of flight {unknown}
 z - a potion of brilliance {unknown}


   Skills:
 - Level 1.0 Fighting
 + Level 8.3 Bows
 - Level 2.0 Dodging
 - Level 1.3 Stealth


You had 6 spell levels left.
You didn't know any spells.

Dungeon Overview and Level Annotations

Branches:
Dungeon (5/27)             Temple (0/1) D:4

Altars:


Innate Abilities, Weirdness & Mutations

You cannot wear most types of armour.
You are amphibious.
You can wear up to eight rings at the same time.
You can use your tentacles to constrict many enemies at once.
Your skin changes colour to match your surroundings (Stlth).
Your rubbery body absorbs attacks (AC +1).


Message History

Aim: an adder (severely wounded)
You shoot an arrow. The arrow hits the adder.
The adder is severely wounded.
* * * LOW HITPOINT WARNING * * *
You feel sick.
You are feeling hungry.
The bat zombie closely misses you. The bat zombie barely misses you.
The kobold hits you.
* * * LOW HITPOINT WARNING * * *
The adder bites you.
* * * LOW HITPOINT WARNING * * *
You are more poisoned.
The adder poisons you!
The bat zombie hits you but does no damage.
Firing (i - inventory. (,) - cycle):
c - 32 arrows (quivered)
Press: ? - help, Shift-Dir - straight line, f/p - adder
Aim: an adder (severely wounded)
You shoot an arrow. The arrow misses the adder.
The bat zombie misses you. The adder bites you.
You die...

........#
.........##
.(...........
#............#
##...........
...........#
.......(>...###
........z.(...#
..#(....S@.(..#
#..<..K.....#
#..........##
............#
...........#
.........##
.........
........> ...


You could see an adder, a bat zombie and a kobold.

Vanquished Creatures
  Menkaure (D:4)
  A crimson imp (D:3)
  2 hounds
  A worker ant (D:4)
  An orc wizard (D:3)
  Terence (D:3)
  6 adders
  4 gnolls (D:3)
  A giant mite (D:3)
  2 worms
  7 giant geckos
  2 oozes
  8 orcs (D:3)
  5 giant cockroaches
  6 hobgoblins
  4 quokkas
  A ball python (D:3)
  11 bats
  3 giant newts
  8 goblins
  A hobgoblin skeleton (D:4)
  5 kobolds
  9 rats
90 creatures vanquished.

Notes
Turn   | Place    | Note
--------------------------------------------------------------
     0 | D:1      | JacquesDerrida, the Octopode Hunter, began the quest for the Orb.
     0 | D:1      | Reached XP level 1. HP: 14/14 MP: 0/0
   319 | D:1      | Reached XP level 2. HP: 12/19 MP: 1/1
   838 | D:1      | Reached XP level 3. HP: 21/24 MP: 2/2
   881 | D:2      | Reached skill level 5 in Bows
  1309 | D:2      | Reached XP level 4. HP: 25/29 MP: 3/3
  1993 | D:3      | Noticed Terence
  2006 | D:3      | Killed Terence
  2062 | D:3      | Reached skill level 6 in Bows
  2074 | D:3      | Reached XP level 5. HP: 34/34 MP: 4/4
  2596 | D:3      | Reached skill level 7 in Bows
  2617 | D:3      | Reached XP level 6. HP: 36/39 MP: 5/5
  3033 | D:4      | Found a staircase to the Ecumenical Temple.
  3631 | D:5      | Entered Level 5 of the Dungeon
  3631 | D:5      | Noticed Menkaure
  3638 | D:4      | Killed Menkaure
  3638 | D:4      | Reached skill level 8 in Bows
  3638 | D:4      | Reached XP level 7. HP: 38/44 MP: 6/6
  3689 | D:5      | HP: 1/44 [adder (4)]
  3690 | D:5      | Slain by an adder

Action                   |  1- 3 |  4- 6 |  7- 9 || total
-------------------------+-------+-------+-------++-------
Melee: Short sword       |    66 |    75 |       ||   141
       Trident           |       |       |     1 ||     1
 Fire: Bow               |    17 |    95 |     8 ||   120
  Use: Potion            |       |     2 |       ||     2
       Scroll            |       |       |    10 ||    10
 Stab: Sleeping          |     4 |     4 |       ||     8
